General information
- name: BNet
- type: Ladder team game (AT/RT)
- host: Battle.net
- saver: SLOW2LOGIN
map: Deathknell
- players: 8
- length: 45:32
- speed: Fast
- version: 1.26 W3XP
- replay type: Public
» download(236 KB)
Players
team 1 (loser)
lilmad (
red | 96 APM | 1897 actions | 19:40)
6 Mountain King
3 Storm Bolt
2 Thunder Clap
1 Avatar
1 Paladin
1 Holy Light
» actions
| Assign group hotkey | 90 | |
| Basic commands | 156 | |
| Build / train | 131 | |
| Enter build submenu | 26 | |
| Enter hero's abilities submenu | 8 | |
| Give item / drop item | 1 | |
| Remove unit from queue | 5 | |
| Right click | 605 | |
| Select / deselect | 321 | |
| Select group hotkey | 406 | |
| Use ability | 148 | |
1897 total
» units
| Peasant | 23 | |
| Footman | 15 | |
| Dragonhawk Rider | 7 | |
| Gryphon Rider | -1 | |
| Rifleman | 6 | |
50 total
» upgrades
| Defend | 1 | |
| Masonry | 2 | |
| Swords | 1 | |
| Armor | 2 | |
| Storm Hammers | 1 | |
| Cloud | 1 | |
| Gunpowder | 1 | |
9 total
» buildings
| Altar of Kings | 1 | |
| Farm | 11 | |
| Barracks | 1 | |
| Arcane Vault | 1 | |
| Town Hall | 1 | |
| Scout Tower | 4 | |
| Lumber Mill | 1 | |
| Keep | 3 | |
| Arcane Tower | 3 | |
| Blacksmith | 1 | |
| Castle | 2 | |
| Gryphon Aviary | 4 | |
| Guard Tower | 13 | |
46 total
» build order
00:12 Altar of Kings
00:17 Farm
00:25 Barracks
00:52 Farm
01:35 Farm
02:22 Arcane Vault
02:45 Farm
03:39 Town Hall
03:46 Scout Tower
05:34 Lumber Mill
06:04 Keep
06:04 Keep
06:30 Arcane Tower
06:31 Arcane Tower
06:39 Farm
07:43 Blacksmith
07:50 Scout Tower
08:03 Farm
09:51 Arcane Tower
09:53 Scout Tower
10:01 Castle
10:15 Gryphon Aviary
10:18 Gryphon Aviary
10:23 Gryphon Aviary
10:28 Gryphon Aviary
10:36 Farm
10:38 Farm
10:41 Farm
10:44 Farm
11:02 Guard Tower
11:03 Guard Tower
11:46 Scout Tower
12:06 Farm
13:29 Guard Tower
16:23 Guard Tower
16:23 Guard Tower
16:23 Guard Tower
16:24 Guard Tower
16:24 Guard Tower
16:25 Guard Tower
16:26 Guard Tower
16:26 Guard Tower
16:26 Guard Tower
» items
| Scroll of Regeneration | 5 | |
| Lesser Clarity Potion | 4 | |
| Scroll of Town Portal | 1 | |
| Orb of Fire | 4 | |
| Potion of Healing | 6 | |
| Ivory Tower | 3 | |
23 total
OoTNToO (
pink | 30 APM | 785 actions | 26:13)
4 Archmage
2 Summon Water Elemental
1 Brilliance Aura
1 Blizzard
2 Mountain King
1 Storm Bolt
1 Bash
1 Paladin
1 Holy Light
» actions
| Basic commands | 6 | |
| Build / train | 71 | |
| Enter build submenu | 27 | |
| Enter hero's abilities submenu | 7 | |
| Remove unit from queue | 1 | |
| Right click | 315 | |
| Select / deselect | 306 | |
| Use ability | 52 | |
785 total
» units
| Peasant | 9 | |
| Footman | 8 | |
| Rifleman | 6 | |
| Ice Troll Trapper | 1 | |
| Ice Troll Berserker | 1 | |
| Priest | 3 | |
| Sorceress | 2 | |
| Spell Breaker | 1 | |
| Siege Engine | 10 | |
41 total
» upgrades
| Long Rifles | 1 | |
| Lumber Harvesting | 1 | |
| Gunpowder | 2 | |
| Priest Training | 2 | |
| Sorceress Training | 2 | |
| Armor | 1 | |
| Swords | 1 | |
| Plating | 1 | |
| Barrage | 1 | |
12 total
» buildings
| Farm | 12 | |
| Altar of Kings | 1 | |
| Barracks | 1 | |
| Lumber Mill | 1 | |
| Blacksmith | 1 | |
| Scout Tower | 2 | |
| Arcane Vault | 1 | |
| Keep | 1 | |
| Guard Tower | 1 | |
| Arcane Tower | 1 | |
| Arcane Sanctum | 2 | |
| Castle | 1 | |
| Workshop | 2 | |
27 total
» build order
00:10 Farm
00:18 Altar of Kings
00:50 Barracks
00:59 Farm
01:43 Farm
02:04 Lumber Mill
02:18 Blacksmith
02:54 Scout Tower
03:18 Arcane Vault
03:27 Scout Tower
04:01 Keep
04:11 Farm
04:17 Guard Tower
05:23 Farm
05:41 Arcane Tower
06:33 Arcane Sanctum
06:43 Arcane Sanctum
07:53 Farm
10:31 Farm
10:32 Castle
11:37 Farm
11:48 Farm
13:24 Farm
13:28 Farm
14:42 Workshop
16:14 Farm
17:50 Workshop
» items
| Scroll of Regeneration | 1 | |
| Scroll of Town Portal | 2 | |
3 total

»
Gillman (
teal | 28 APM | 715 actions | 25:54)
3 Tauren Chieftain
2 War Stomp
1 Endurance Aura
2 Shadow Hunter
1 Healing Wave
1 Hex
» actions
| Basic commands | 4 | |
| Build / train | 80 | |
| Enter build submenu | 35 | |
| Enter hero's abilities submenu | 5 | |
| Right click | 194 | |
| Select / deselect | 290 | |
| Use ability | 107 | |
715 total
» units
| Peon | 17 | |
| Grunt | 5 | |
| Tauren | 8 | |
| Shaman | 5 | |
| Demolisher | 1 | |
| Dragonhawk Rider | 2 | |
| Troll Headhunter/Berserker | 5 | |
| Troll Batrider | 8 | |
51 total
» upgrades
| Spiked Barricades | 1 | |
| Armor | 1 | |
| Melee Weapons | 2 | |
| Shaman Training | 2 | |
| Reinforced Defenses | 1 | |
| Ranged Weapons | 2 | |
9 total
» buildings
| Altar of Storms | 1 | |
| Orc Burrow | 7 | |
| Barracks | 1 | |
| Voodoo Lounge | 1 | |
| War Mill | 1 | |
| Watch Tower | 8 | |
| Great Hall | 1 | |
| Stronghold | 1 | |
| Fortress | 1 | |
| Spirit Lodge | 1 | |
| Tauren Totem | 4 | |
| Beastiary | 4 | |
31 total
» build order
00:12 Altar of Storms
00:25 Orc Burrow
00:44 Barracks
01:25 Voodoo Lounge
01:52 War Mill
02:08 Orc Burrow
03:43 Watch Tower
04:26 Great Hall
04:37 Orc Burrow
04:51 Watch Tower
05:47 Stronghold
06:36 Watch Tower
07:42 Watch Tower
08:24 Fortress
08:29 Spirit Lodge
09:36 Watch Tower
10:42 Watch Tower
10:53 Tauren Totem
11:08 Tauren Totem
12:10 Tauren Totem
13:09 Orc Burrow
13:14 Tauren Totem
13:22 Watch Tower
14:04 Watch Tower
14:16 Orc Burrow
14:58 Orc Burrow
15:57 Orc Burrow
21:32 Beastiary
21:39 Beastiary
21:45 Beastiary
21:50 Beastiary
» items
| Scroll of Speed | 3 | |
| Healing Salve | 1 | |
| Lesser Clarity Potion | 1 | |
| Orb of Lightning | 1 | |
| Scroll of Town Portal | 3 | |
| Scroll of Regeneration | 1 | |
| Orb of Fire | 1 | |
11 total
NETFLIX-ORHULU (
yellow | 50 APM | 2269 actions | 45:31)
9 Far Seer
3 Feral Spirit
3 Chain Lighting
1 Earth Quake
2 Far Sight
1 Naga Sea Witch
1 Forked Lightning
» actions
| Assign group hotkey | 104 | |
| Basic commands | 21 | |
| Build / train | 79 | |
| Enter build submenu | 29 | |
| Enter hero's abilities submenu | 10 | |
| Give item / drop item | 4 | |
| Right click | 970 | |
| Select / deselect | 344 | |
| Select group hotkey | 550 | |
| Use ability | 158 | |
2269 total
» units
| Peon | 12 | |
| Grunt | 4 | |
| Goblin Shredder | 1 | |
| Wind Rider | 11 | |
| Troll Batrider | 5 | |
| Goblin Sapper | 2 | |
35 total
» upgrades
| Ranged Weapons | 3 | |
| Armor | 3 | |
| Reinforced Defenses | 1 | |
| Envenomed Spears | 1 | |
8 total
» buildings
| Altar of Storms | 1 | |
| Orc Burrow | 6 | |
| Barracks | 1 | |
| Voodoo Lounge | 8 | |
| Stronghold | 2 | |
| War Mill | 1 | |
| Great Hall | 1 | |
| Beastiary | 3 | |
| Fortress | 2 | |
| Watch Tower | 37 | |
62 total
» build order
00:09 Altar of Storms
00:20 Orc Burrow
00:37 Barracks
01:22 Orc Burrow
02:03 Voodoo Lounge
03:12 Stronghold
03:12 Stronghold
03:30 Orc Burrow
03:48 War Mill
05:25 Great Hall
05:43 Beastiary
05:44 Beastiary
07:02 Fortress
07:48 Watch Tower
07:51 Watch Tower
07:51 Watch Tower
07:52 Watch Tower
07:53 Watch Tower
07:54 Watch Tower
07:54 Watch Tower
09:05 Watch Tower
09:05 Watch Tower
09:07 Watch Tower
09:08 Watch Tower
11:49 Watch Tower
11:50 Watch Tower
11:50 Watch Tower
11:57 Watch Tower
12:14 Orc Burrow
12:15 Orc Burrow
12:16 Orc Burrow
13:06 Watch Tower
13:06 Watch Tower
13:11 Watch Tower
13:17 Watch Tower
14:06 Watch Tower
14:41 Beastiary
17:08 Watch Tower
17:08 Watch Tower
17:09 Watch Tower
17:09 Watch Tower
17:10 Watch Tower
17:10 Watch Tower
17:14 Watch Tower
17:14 Watch Tower
17:17 Watch Tower
17:19 Watch Tower
17:23 Watch Tower
20:37 Watch Tower
20:38 Watch Tower
20:38 Watch Tower
20:39 Watch Tower
20:39 Watch Tower
20:40 Watch Tower
23:04 Voodoo Lounge
33:43 Voodoo Lounge
33:49 Voodoo Lounge
33:57 Voodoo Lounge
34:01 Voodoo Lounge
35:00 Voodoo Lounge
35:45 Voodoo Lounge
» items
| Healing Salve | 4 | |
| Tiny Great Hall | 1 | |
| Scroll of Town Portal | 3 | |
| Orb of Lightning | 1 | |
| Potion of Mana | 8 | |
17 total
team 2 (winner)

»
GoBuffs (
green | 19 APM | 843 actions | 45:31)
6 Crypt Lord
3 Carrion Beetles
2 Spiked Carapace
1 Locust Swarm
5 Lich
3 Frost Nova
2 Frost Armor
» actions
| Basic commands | 3 | |
| Build / train | 54 | |
| Enter build submenu | 14 | |
| Enter hero's abilities submenu | 12 | |
| Give item / drop item | 2 | |
| Right click | 368 | |
| Select / deselect | 331 | |
| Use ability | 57 | |
843 total
» units
| Acolyte | 9 | |
| Ghoul | 4 | |
| Crypt Fiend | 12 | |
| Frost Wyrm | 4 | |
29 total
» upgrades
| Creature Attack | 2 | |
| Web | 1 | |
| Creature Carapace | 2 | |
| Freezing Breath | 1 | |
6 total
» buildings
| Altar of Darkness | 1 | |
| Crypt | 1 | |
| Ziggurat | 6 | |
| Graveyard | 1 | |
| Tomb of Relics | 1 | |
| Halls of the Dead | 2 | |
| Black Citadel | 1 | |
| Sacrificial Pit | 1 | |
| Boneyard | 2 | |
16 total
» build order
00:20 Altar of Darkness
00:23 Crypt
00:50 Ziggurat
01:09 Graveyard
01:53 Ziggurat
02:09 Tomb of Relics
02:56 Ziggurat
04:17 Halls of the Dead
06:43 Ziggurat
08:41 Black Citadel
10:01 Sacrificial Pit
11:09 Boneyard
12:02 Boneyard
12:16 Ziggurat
13:51 Ziggurat
» items
| Rod of Necromancy | 1 | |
| Scroll of Town Portal | 2 | |
3 total
soldadao (
purple | 33 APM | 1176 actions | 36:00)
6 Priestess of the Moon
3 Trueshot Aura
2 Scout
1 Starfall
» actions
| Assign group hotkey | 22 | |
| Basic commands | 4 | |
| Build / train | 82 | |
| Enter build submenu | 23 | |
| Enter hero's abilities submenu | 6 | |
| Right click | 476 | |
| Select / deselect | 220 | |
| Select group hotkey | 308 | |
| Use ability | 35 | |
1176 total
» units
| Wisp | 29 | |
| Archer | 8 | |
| Hippogryph | 10 | |
| Chimaera | 5 | |
52 total
» upgrades
| Strength of the Moon | 2 | |
| Moon Armor | 1 | |
| Improved Bows | 1 | |
| Ultravision | 1 | |
| Corrosive Breath | 1 | |
| Strength of the Wild | 3 | |
| Marksmanship | 1 | |
| Well Spring | 1 | |
| Reinforced Hides | 2 | |
13 total
» buildings
| Moon Well | 8 | |
| Altar of Elders | 1 | |
| Ancient of War | 2 | |
| Ancient of Wonders | 1 | |
| Hunter's Hall | 1 | |
| Tree of Ages | 2 | |
| Tree of Life | 1 | |
| Ancient Protector | 5 | |
| Ancient of Wind | 1 | |
| Tree of Eternity | 1 | |
| Chimaera Roost | 3 | |
26 total
» build order
00:15 Moon Well
00:45 Altar of Elders
01:03 Moon Well
01:27 Ancient of War
02:12 Ancient of War
02:21 Ancient of Wonders
03:06 Moon Well
03:51 Hunter's Hall
04:41 Moon Well
05:31 Moon Well
06:15 Tree of Ages
06:15 Tree of Ages
07:42 Tree of Life
08:17 Ancient Protector
08:24 Ancient Protector
08:29 Ancient Protector
08:37 Ancient Protector
08:41 Ancient Protector
08:55 Ancient of Wind
08:58 Tree of Eternity
12:14 Chimaera Roost
12:21 Chimaera Roost
12:38 Chimaera Roost
13:28 Moon Well
13:35 Moon Well
16:14 Moon Well
» items
| Scroll of Town Portal | 4 | |
| Orb of Venom | 1 | |
5 total
TheTraitor (
orange | 37 APM | 1685 actions | 45:31)
10 Archmage
3 Summon Water Elemental
3 Brilliance Aura
1 Mass Teleport
3 Blizzard
» actions
| Assign group hotkey | 135 | |
| Basic commands | 60 | |
| Build / train | 82 | |
| Enter build submenu | 33 | |
| Enter hero's abilities submenu | 10 | |
| Give item / drop item | 7 | |
| Remove unit from queue | 1 | |
| Right click | 591 | |
| Select / deselect | 326 | |
| Select group hotkey | 297 | |
| Use ability | 142 | |
1685 total
» units
| Peasant | 12 | |
| Footman | 4 | |
| Goblin Shredder | 3 | |
| Gryphon Rider | 8 | |
| Dragonhawk Rider | 6 | |
33 total
» upgrades
| Masonry | 3 | |
| Storm Hammers | 1 | |
| Swords | 3 | |
| Armor | 3 | |
| Animal War Training | 1 | |
| Cloud | 1 | |
12 total
» buildings
| Altar of Kings | 1 | |
| Barracks | 1 | |
| Farm | 10 | |
| Arcane Vault | 1 | |
| Keep | 1 | |
| Town Hall | 2 | |
| Lumber Mill | 1 | |
| Castle | 1 | |
| Gryphon Aviary | 4 | |
| Blacksmith | 2 | |
| Scout Tower | 13 | |
| Guard Tower | 2 | |
39 total
» build order
00:35 Altar of Kings
00:37 Barracks
00:51 Farm
00:53 Farm
01:05 Farm
01:33 Farm
03:03 Arcane Vault
03:48 Keep
04:21 Town Hall
05:23 Lumber Mill
06:42 Castle
07:56 Gryphon Aviary
07:58 Gryphon Aviary
07:59 Gryphon Aviary
08:00 Gryphon Aviary
08:30 Blacksmith
08:32 Blacksmith
08:38 Farm
09:03 Scout Tower
09:04 Scout Tower
09:05 Scout Tower
09:05 Scout Tower
09:10 Scout Tower
12:18 Guard Tower
13:59 Farm
13:59 Farm
14:00 Farm
14:00 Farm
14:04 Farm
20:29 Town Hall
25:07 Scout Tower
25:08 Scout Tower
25:09 Scout Tower
25:10 Scout Tower
25:11 Scout Tower
25:12 Scout Tower
25:14 Scout Tower
25:15 Scout Tower
25:40 Guard Tower
» items
| Scroll of Regeneration | 7 | |
| Lesser Clarity Potion | 2 | |
| Mechanical Critter | 4 | |
| Scroll of Town Portal | 4 | |
| Potion of Healing | 4 | |
21 total
SLOW2LOGIN (
blue | 77 APM | 3495 actions | 45:32)
10 Archmage
3 Summon Water Elemental
3 Brilliance Aura
1 Mass Teleport
3 Blizzard
» actions
| Assign group hotkey | 88 | |
| Basic commands | 374 | |
| Build / train | 222 | |
| ESC pressed | 9 | |
| Enter build submenu | 53 | |
| Enter hero's abilities submenu | 10 | |
| Give item / drop item | 1 | |
| Right click | 1142 | |
| Select / deselect | 497 | |
| Select group hotkey | 844 | |
| Use ability | 255 | |
3495 total
» units
| Peasant | 20 | |
| Footman | 6 | |
| Goblin Shredder | 3 | |
| Goblin Zeppelin | 1 | |
| Dragonhawk Rider | 5 | |
| Gryphon Rider | 9 | |
| Goblin Sapper | 6 | |
| Knight | 1 | |
51 total
» upgrades
| Masonry | 3 | |
| Swords | 3 | |
| Armor | 3 | |
| Lumber Harvesting | 1 | |
| Storm Hammers | 1 | |
| Cloud | 1 | |
| Animal War Training | 1 | |
13 total
» buildings
| Altar of Kings | 1 | |
| Barracks | 1 | |
| Farm | 11 | |
| Arcane Vault | 1 | |
| Lumber Mill | 1 | |
| Town Hall | 2 | |
| Scout Tower | 34 | |
| Guard Tower | 96 | |
| Keep | 4 | |
| Blacksmith | 1 | |
| Castle | 3 | |
| Gryphon Aviary | 4 | |
159 total
» build order
00:23 Altar of Kings
00:48 Barracks
00:51 Farm
01:04 Farm
01:33 Farm
02:16 Farm
02:24 Arcane Vault
03:26 Lumber Mill
04:30 Town Hall
04:33 Scout Tower
04:33 Scout Tower
04:34 Scout Tower
04:35 Scout Tower
04:36 Scout Tower
05:03 Guard Tower
05:04 Guard Tower
05:04 Guard Tower
05:44 Guard Tower
05:56 Guard Tower
06:46 Keep
06:46 Keep
06:46 Keep
06:55 Blacksmith
07:18 Scout Tower
07:18 Scout Tower
08:17 Guard Tower
08:18 Guard Tower
08:19 Scout Tower
08:29 Scout Tower
08:34 Scout Tower
08:39 Scout Tower
09:00 Guard Tower
09:00 Guard Tower
09:00 Guard Tower
09:03 Scout Tower
09:06 Scout Tower
09:07 Guard Tower
09:08 Guard Tower
09:08 Guard Tower
09:14 Guard Tower
09:14 Guard Tower
09:14 Guard Tower
09:15 Guard Tower
09:32 Guard Tower
09:32 Guard Tower
09:32 Guard Tower
09:34 Castle
09:36 Gryphon Aviary
09:38 Gryphon Aviary
10:00 Guard Tower
10:00 Guard Tower
10:00 Guard Tower
10:00 Guard Tower
10:25 Guard Tower
10:25 Guard Tower
11:06 Farm
11:06 Farm
13:19 Guard Tower
13:20 Guard Tower
13:20 Guard Tower
13:21 Guard Tower
13:21 Guard Tower
13:22 Guard Tower
13:22 Guard Tower
13:23 Guard Tower
13:23 Guard Tower
13:24 Guard Tower
13:24 Guard Tower
13:44 Guard Tower
13:44 Guard Tower
13:44 Guard Tower
15:43 Scout Tower
15:43 Scout Tower
15:44 Scout Tower
15:45 Scout Tower
15:47 Scout Tower
15:52 Scout Tower
15:54 Scout Tower
15:56 Scout Tower
16:16 Guard Tower
16:16 Guard Tower
16:17 Guard Tower
16:20 Guard Tower
16:20 Guard Tower
16:20 Guard Tower
16:23 Scout Tower
16:24 Scout Tower
16:25 Scout Tower
16:28 Guard Tower
16:28 Guard Tower
16:29 Guard Tower
17:23 Guard Tower
17:23 Guard Tower
19:42 Farm
19:44 Farm
19:45 Farm
20:35 Gryphon Aviary
20:38 Gryphon Aviary
21:46 Town Hall
21:49 Scout Tower
21:50 Scout Tower
21:51 Scout Tower
21:57 Scout Tower
22:02 Scout Tower
22:04 Scout Tower
22:05 Scout Tower
22:06 Scout Tower
22:08 Scout Tower
22:09 Scout Tower
22:28 Guard Tower
22:28 Guard Tower
22:28 Guard Tower
22:49 Guard Tower
22:51 Guard Tower
22:51 Guard Tower
22:51 Guard Tower
22:52 Guard Tower
22:52 Guard Tower
22:52 Guard Tower
22:53 Guard Tower
23:27 Guard Tower
23:27 Guard Tower
23:28 Guard Tower
27:00 Farm
27:01 Farm
» items
| Scroll of Regeneration | 9 | |
| Mechanical Critter | 5 | |
| Scroll of Town Portal | 2 | |
| Ivory Tower | 5 | |
| Staff of Sanctuary | 1 | |
| Potion of Healing | 1 | |
| Orb of Corruption | 1 | |
| Scroll of Healing | 1 | |
25 total
Chat log
(00:06 / All) SLOW2LOGIN: oops forgot to veto this map
(00:17 / All) TheTraitor: Tanks!
(00:20 / Allies) soldadao: rush ok
(00:23 / Allies) TheTraitor: Not okay!
(00:29 / Allies) TheTraitor: that's rape and it's not okay
(01:03 / All) NETFLIX-ORHULU: does anyone even play sc2 anymore
(01:07 / All) SLOW2LOGIN: no
(01:12 / All) SLOW2LOGIN: search times for 4v4 are like 5 minutes
(01:15 / All) OoTNToO: too laggy
(01:57 / All) NETFLIX-ORHULU: if someone else is lagging it makes others lag too, im not talking a dc screen u actually do lag
(01:58 / All) SLOW2LOGIN: I forgot to veto this map, it fucking sucks
(02:08 / All) TheTraitor: this map roolz
(04:02 / Allies) SLOW2LOGIN: fag stealing my xp
(04:09 / Allies) soldadao: no
(04:15 / Allies) SLOW2LOGIN: then what were you doing
(04:17 / Allies) SLOW2LOGIN: you did 0 damage
(04:22 / Allies) SLOW2LOGIN: and came by as I was finishing shit
(04:24 / Allies) SLOW2LOGIN: you leeching garbage
(04:36 / Allies) TheTraitor: I made a big mistake
(04:51 / Allies) SLOW2LOGIN: me too I answered the phone at the start and delayed footies
(05:02 / Allies) TheTraitor: I thought shreddar would be avail
(06:48 / Allies) SLOW2LOGIN: ty
(06:58 / Allies) soldadao: ^^
(07:29 / Allies) TheTraitor: switch me
(07:38 / Allies) TheTraitor: nvm
(08:01 / Allies) SLOW2LOGIN: we both got vampiric aura item, gay
(10:35 / Allies) GoBuffs: not i
(10:43 / Allies) TheTraitor: coward
(10:49 / Allies) GoBuffs: no tp
(11:32 / Allies) SLOW2LOGIN: tauren
(12:47 / Allies) TheTraitor: wtf my birds won't attack
(13:05 / Allies) soldadao: lumber plz
(13:28 / Allies) GoBuffs: hit
(13:29 / Allies) GoBuffs: ?
(13:37 / Allies) TheTraitor: hit red with me
(13:42 / Allies) TheTraitor: come
(13:45 / Allies) SLOW2LOGIN: k
(13:45 / Allies) TheTraitor: I need fiends
(13:46 / Allies) GoBuffs: use gold guys
(14:40 / All) SLOW2LOGIN: yeah run away to my 1 archmage
(14:42 / All) SLOW2LOGIN: you fucking moron
(14:46 / Allies) SLOW2LOGIN: my base
(15:23 / All) SLOW2LOGIN: you fucking retard
(15:24 / Allies) GoBuffs: hit
(16:11 / Allies) SLOW2LOGIN: hit red
(16:13 / Allies) SLOW2LOGIN: meet
(16:51 / Allies) GoBuffs: gold plz
(17:06 / Allies) GoBuffs: blue
(17:09 / All) SLOW2LOGIN: fucking scrub red
(17:14 / Allies) GoBuffs: i need gold
(17:15 / Allies) GoBuffs: badly
(17:32 / Allies) GoBuffs: BLUE
(19:16 / All) TheTraitor: I click the mk like 50 times
(19:19 / All) TheTraitor: it flies over him
(22:05 / Allies) GoBuffs: purp\
(22:06 / Allies) GoBuffs: blue
(22:08 / Allies) GoBuffs: u guys are bad
(22:21 / Allies) SLOW2LOGIN: says the undead who isn't even mining
(22:22 / Allies) SLOW2LOGIN: noob
(22:32 / Allies) GoBuffs: you have 6k gold
(22:35 / Allies) GoBuffs: what good does that do you
(22:37 / Allies) SLOW2LOGIN: and you have what?
(22:41 / Allies) SLOW2LOGIN: 500 lol
(22:46 / Allies) SLOW2LOGIN: looks like I'm the better player
(22:54 / Allies) GoBuffs: you havnt done shit all game
(23:03 / Allies) SLOW2LOGIN: stop trying to shit talk a betterp layer
(23:06 / Allies) SLOW2LOGIN: or u will regret it
(23:07 / Allies) SLOW2LOGIN: noob
(23:22 / Allies) GoBuffs: lol
(23:24 / Allies) SLOW2LOGIN: noob
(23:36 / Allies) GoBuffs: your lucky they suck
(23:42 / Allies) SLOW2LOGIN: they are worse than you
(23:51 / Allies) SLOW2LOGIN: but still owning you like right now
(23:53 / Allies) SLOW2LOGIN: fucking noob
(25:26 / Allies) soldadao: BLUE GOGO UNITS FRIEND PLZ
(25:30 / Allies) TheTraitor: I'm going afk for al il bit
(25:38 / Allies) TheTraitor: blue I give you control
(25:51 / Allies) TheTraitor: bbl like 5 mines
(25:53 / Allies) TheTraitor: mins
(25:57 / Allies) SLOW2LOGIN: kk
(26:06 / Allies) SLOW2LOGIN: makes sense you give it to best player on your team rather than a noob like green
(26:24 / Allies) TheTraitor: blue helped me a lot with red, he was a key part of that success
(29:35 / Allies) soldadao: STOP IDIOT
(29:38 / Allies) soldadao: IDIOT
(29:40 / Allies) SLOW2LOGIN: stop what?
(29:50 / Allies) soldadao: YOU ATTACK MY UNITS
(29:50 / Allies) SLOW2LOGIN: what are you talking about
(30:21 / Allies) soldadao: IDIOT HACK IDIOT
(30:24 / Allies) soldadao: BLUE IDIOT
(30:26 / Allies) SLOW2LOGIN: huh?
(30:29 / Allies) soldadao: STOP WAR 3 IDIOT
(30:29 / Allies) SLOW2LOGIN: what are you talking about
(30:37 / Allies) SLOW2LOGIN: what is war3 idiot
(31:04 / All) NETFLIX-ORHULU: lawl
(31:15 / All) NETFLIX-ORHULU: ur a noob purple ur a noob
(31:26 / All) SLOW2LOGIN: he is mega noob tried to leech my creep xp
(31:33 / All) SLOW2LOGIN: then his base and every unit disappear somehow
(33:38 / Allies) SLOW2LOGIN: bob you here?
(34:43 / All) SLOW2LOGIN: Green, purple
(34:46 / All) SLOW2LOGIN: Either of you still here?
(35:21 / Allies) soldadao: I can not believe you ta doing this Blue
(35:27 / All) SLOW2LOGIN: Purple
(35:32 / All) SLOW2LOGIN: If you paypal me and orange each $5
(35:36 / All) SLOW2LOGIN: You can still get this win
(35:42 / All) SLOW2LOGIN: For 2 easy payments of $5 this win can be yours
(36:01 / All) SLOW2LOGIN: Leave victorious with the best or lose like the rest
(36:08 / All) SLOW2LOGIN: so shall it be
(36:54 / All) TheTraitor: I missed the party!
(37:15 / All) SLOW2LOGIN: oops
(37:17 / All) SLOW2LOGIN: misclick
(37:44 / All) TheTraitor: was purp brazilian or mexicant
(37:56 / All) SLOW2LOGIN: Not sure
(38:15 / All) TheTraitor: looks brazilian
(38:23 / All) TheTraitor: looks more portugeuse
(39:11 / All) TheTraitor: GREEN WHERE YOU AT
(39:14 / All) TheTraitor: DONT BE SCARED HOMIE
(39:24 / All) SLOW2LOGIN: he is 411-407
(39:25 / All) TheTraitor: WHERE YOU AT MOTHERFUCKER
(39:39 / All) TheTraitor: I'll be back, maybe he'll paypal
(41:20 / All) SLOW2LOGIN: I'm on patrol
(41:23 / All) SLOW2LOGIN: not even attacking myself
(41:35 / All) NETFLIX-ORHULU: d
(43:55 / All) SLOW2LOGIN: Green you here?
(44:02 / All) TheTraitor: I guess he's gone